 Dungeon Crawl Stone Soup version 0.30-a0-760-g5a9884bb7c (webtiles) character file.

Game seed: 1859130968945893262

16 kingofthe the Firebug (level 2, -3/17 HPs)
             Began as an Octopode Fire Elementalist on Feb 11, 2023.
             Slain by a hobgoblin (4 damage)
             ... on level 2 of the Dungeon.
             The game lasted 00:01:16 (744 turns).

kingofthe the Firebug (Octopode Fire Elementalist)   Turns: 744, Time: 00:01:16

Health: -3/17      AC:  1    Str:  7    XL:     2   Next: 58%
Magic:  2/5        EV: 13    Int: 17    God:
Gold:   58         SH:  0    Dex: 12    Spells: 4/5 levels left

rFire   . . .      SeeInvis .    (no weapon)
rCold   . . .      Faith    .    (no shield)
rNeg    . . .      Spirit   .    (helmet restricted)
rPois   .          Reflect  .    (no amulet)
rElec   .          Harm     .    (no ring)
rCorr   .          Rampage  .    (no ring)
Will    .....                    (no ring)
Stlth   +++                      (no ring)
HPRegen 0.22/turn                (no ring)
MPRegen 0.09/turn                (no ring)
                                 (no ring)
                                 (no ring)

@: no status effects
A: almost no armour, amphibious, 8 rings, camouflage 1, gelatinous body 1,
(nimble swimmer 1), tentacles
a: no special abilities


You were on level 2 of the Dungeon.
You visited 1 branch of the dungeon, and saw 2 of its levels.

You collected 58 gold pieces.

Inventory:

Scrolls
 b - a scroll of fear {unknown}
 c - a scroll of vulnerability {unknown}
Potions
 a - a potion of magic


   Skills:
 + Level 2.1 Dodging
 + Level 3.0 Stealth
 * Level 2.3 Spellcasting
 + Level 1.3 Conjurations
 + Level 3.1 Fire Magic


You had 4 spell levels left.
You knew the following spells:

 Your Spells              Type           Power      Damage    Failure   Level
a - Foxfire               Conj/Fire      36%        2x1d5     8%          1

Your spell library contained the following spells:

 Spells                   Type           Power      Damage    Failure   Level
 Scorch                   Fire           24%        2d6       8%          2
 Inner Flame              Hex/Fire       7%         N/A       30%         3
 Kindle Blastsparks       Fire/Tloc/Air  10%        2d10      36%         3
 Flame Wave               Conj/Fire      9%         2d6       58%         4


Dungeon Overview and Level Annotations

Branches:
Dungeon (2/15)

Altars:


Innate Abilities, Weirdness & Mutations

You cannot wear most types of armour.
You are amphibious.
You can wear up to eight rings at the same time.
Your skin changes colour to match your surroundings (Stealth+).
Your rubbery body absorbs attacks. (AC +1, EV +1)
((You are camouflaged when in or above water. (Stealth+)))
You have tentacles for arms and can constrict up to eight enemies at once.


Message History

You tentacle-slap the jackal. Your grab misses the jackal.
The jackal is almost dead.
The jackal bites you but does no damage.
The jackal barely misses you.
You closely miss the jackal. Your grab misses the jackal.
Your squeeze misses the jackal.
The jackal is almost dead.
The hobgoblin shouts!
The jackal misses you.
You closely miss the jackal. Your grab misses the jackal.
The jackal is almost dead.
The jackal barely misses you. x2
You tentacle-slap the jackal.
You kill the jackal!
You barely miss the jackal. Your grab misses the jackal.
You squeeze the jackal.
The jackal is severely wounded.
The jackal barely misses you. The hobgoblin barely misses you.
You closely miss the jackal. You grab the jackal.
The jackal is severely wounded.
You constrict the jackal, but do no damage.
The jackal bites you. The jackal barely misses you. The hobgoblin hits you.
You tentacle-slap the jackal.
The jackal is almost dead.
You constrict the jackal.
You kill the jackal!
The hobgoblin hits you.
* * * LOW HITPOINT WARNING * * *
Your Stealth skill increases to level 3!
You tentacle-slap the jackal. You grab the jackal.
The jackal is lightly wounded.
You constrict the jackal, but do no damage.
The jackal barely misses you.
The hobgoblin hits you but does no damage.
The jackal bites you.
* * * LOW HITPOINT WARNING * * *
You barely miss the jackal.
The jackal is lightly wounded.
You constrict the jackal. The jackal misses you. The hobgoblin hits you.
You die...

.. #<. . # ##.. .#
#. #?. .#
.#.######.# ..#
..........# .. #
..........###.#...#
#§#......h@g......
.....#..##########
......†..###
....#.##...#### ..
#...##....#
###.......##
#####....#######
#....<......
#....#######


You could see a jackal and a hobgoblin.

Vanquished Creatures
  A worm (D:2)
  3 goblins (D:1)
  3 hobgoblins (D:1)
  2 jackals (D:2)
  A bat (D:1)
  A frilled lizard (D:1)
  2 rats
13 creatures vanquished.

Vanquished Creatures (others)
  39 foxfires
39 creatures vanquished.

Grand Total: 52 creatures vanquished

Notes
Turn   | Place    | Note
-------+----------+-------------------------------------------
     0 | D:1      | kingofthe the Octopode Fire Elementalist began the quest
                  | for the Orb.
     0 | D:1      | Reached XP level 1. HP: 11/11 MP: 3/3
   520 | D:1      | Reached XP level 2. HP: 17/17 MP: 3/5
   628 | D:1      | You fall into a shaft and drop 1 floor!
   744 | D:2      | Slain by a hobgoblin

Illustrated notes

Levels and vault maps discovered:
D:1:      saegor_arrival_simple_c, layout_basic,
          nicolae_kite_square_tiling_tiny, serial_park_tiny_pond,
          amethyst_killhole
D:2:      minmay_thinvault, layout_rooms, due_unseen_surprise

Skill      XL: |  1  2 |
---------------+-------+-----
Stealth        | 3 |  3.0
Dodging        | |  2.1
Spellcasting   | |  2.3
Conjurations   | |  1.3
Fire Magic     | |  3.1

Action                     || total
---------------------------++-------
  Melee: Unarmed           ||    17
         Constrict         ||     5
         Tentacles         ||     2
   Cast: Foxfire           ||    24
 Armour: Skin              ||     2
  Dodge: Dodged            ||    22

Table legend: (Time is in decaauts)
 A = Elapsed time spent in this place.
 B = Non-inter-level travel time spent in this place.
 C = Inter-level travel time spent in this place.
 D = Time resting spent in this place.
 E = Time spent auto-exploring this place.
 F = Levels seen in this place.
 G = Mean time per level.
                   A        B        C        D        E       F      G
               +--------+--------+--------+--------+--------+-----+--------+
         Total |    743 |    743 |      0 |      0 |    654 |   2 |  371.5 |
       Dungeon |    743 |    743 |      0 |      0 |    654 |   2 |  371.5 |
               +--------+--------+--------+--------+--------+-----+--------+

Top non-repeatable levels by time:
     D:1: 628 daAuts
     D:2: 115 daAuts
